 Dungeon Crawl Stone Soup version 0.30-a0-622-gddc90eaa04 (webtiles) character file.

Game seed: 1607888730585838338

1592 wormed the Changer (level 8, -6/54 (62) HPs)
             Began as an Octopode Transmuter on Jan 11, 2023.
             Was an Initiate of Gozag.
             Mangled by a wight
             ... wielding a +5 war axe
              (8 damage)
             ... on level 6 of the Dungeon.
             The game lasted 00:09:43 (6640 turns).

wormed the Changer (Octopode Transmuter)            Turns: 6640, Time: 00:09:44

HP:   -6/54 (62)    AC:  7    Str: 10    XL:     8   Next: 93%
MP:   10/15         EV: 11    Int: 17    God:    Gozag
Gold: 931           SH:  0    Dex: 12    Spells: 9/16 levels left

rFire   x . .      SeeInvis +      - Unarmed
rCold   + + +      Faith    .    (shield currently unavailable)
rNeg    . . .      Spirit   .    (helmet currently unavailable)
rPois   +          Reflect  .    (no amulet)
rElec   .          Harm     .    n - ring of see invisible
rCorr   .          Rampage  .    (no ring)
Will    .....                    (no ring)
Stlth   +                        (no ring)
HPRegen 0.29/turn                (no ring)
MPRegen 0.14/turn                (no ring)
                                 (no ring)
                                 (no ring)

@: ice-form, wereblooded, gold aura, heavily drained, unable to read
A: freezing attack, boosted hp, almost no armour, amphibious, 8 rings, large,
(camouflage 1), (gelatinous body 1), (nimble swimmer 1), (tentacles), inability
to read after injury 1
a: End Transformation, Renounce Religion, Potion Petition, Call Merchant, Bribe
Branch


You were on level 6 of the Dungeon.
You worshipped Gozag.
Gozag was pleased with you.
You were a creature of crystalline ice.
You visited 1 branch of the dungeon, and saw 6 of its levels.

You collected 1715 gold pieces.
You paid 784 gold pieces to Gozag.

Inventory:

Missiles
 r - a throwing net
Jewellery
 d - an amulet of faith
 n - a ring of see invisible (left front paw)
 s - a +6 ring of dexterity
Wands
 a - a wand of flame (31)
 h - a wand of polymorph (7)
Scrolls
 p - 2 scrolls of fog
 q - a scroll of identify
Potions
 b - a potion of attraction
 c - a potion of brilliance
 e - 2 potions of berserk rage
 f - 3 potions of curing
 i - a potion of might
 j - 2 potions of lignification
 k - a potion of ambrosia
 l - 3 potions of degeneration {unknown}
 m - a potion of cancellation {unknown}
 o - a potion of mutation {unknown}


   Skills:
 + Level 3.3 Fighting
 + Level 3.8 Dodging
 + Level 4.4 Unarmed Combat
 + Level 4.6 Spellcasting
 * Level 7.0 Transmutations
 - Level 4.0 Ice Magic


You had 9 spell levels left.
You knew the following spells:

 Your Spells              Type           Power      Damage    Failure   Level
a - Beastly Appendage     Tmut           54%        N/A       1%          1
b - Wereblood             Tmut           27%        N/A       1%          2
c - Ice Form              Ice/Tmut       22%        N/A       16%         4

Your spell library contained the following spells:

 Spells                   Type           Power      Damage    Failure   Level
 Passwall                 Tmut/Erth      12%        N/A       5%          2
 Frozen Ramparts          Ice            34%        1d6       9%          3
 Ensorcelled Hibernation  Hex/Ice        20%        N/A       10%         2
 Spider Form              Tmut/Pois      15%        N/A       11%         3
 Swiftness                Air            3%         N/A       41%         3
 Summon Ice Beast         Ice/Summ       10%        N/A       54%         4


Dungeon Overview and Level Annotations

Branches:
Dungeon (6/15)
 Temple: D:4-7

Altars:
Cheibriados
Dithmenos
Gozag
Okawaru
Ru
Wu Jian

Shops:
D:5 =*


Innate Abilities, Weirdness & Mutations

You are a creature of crystalline ice.
You have a powerful freezing melee attack.
Your maximum health is increased.
Your armour is entirely melded.
You are incapable of wielding weapons or throwing items.
You cannot wear most types of armour.
You are amphibious.
You can wear up to eight rings at the same time.
((Your skin changes colour to match your surroundings (Stealth+).))
((Your rubbery body absorbs attacks. (AC +1, EV +1)))
((You are camouflaged when in or above water. (Stealth+)))
((You have tentacles for arms and can constrict up to eight enemies at once.))
You occasionally lose the ability to read scrolls when taking damage.


Message History

You howl as the wereblood boils in your veins!
A wight comes into view. It is wielding a +2 battleaxe.
The wight hits you from afar with a +0 halberd.
A wight comes into view. It is wielding a +3 mace.
The wight hits you with a +0 halberd!
You feel drained.
You punch the wight! You freeze the wight.
The wight is almost destroyed.
The wight hits you with a +0 halberd!
You feel drained.
You punch the wight!
You feel a bit better.
You destroy the wight!
The wight hits you with a +5 war axe.
You feel drained.
The wight hits you with a +3 long sword.
You feel drained.
Your Transmutations skill increases to level 7!
You punch the wight!
The wight is severely damaged.
The wight barely misses you.
The wight hits you with a +3 long sword!
You feel drained.
You hit the wight but do no damage.
The wight is severely damaged.
You howl as the wereblood boils in your veins!
The wight barely misses you. The wight closely misses you.
You hit the wight.
The wight is severely damaged.
The wight barely misses you.
The wight hits you with a +3 long sword.
The wight closely misses you. The wight hits you but does no damage.
You hit the wight.
The wight is lightly damaged.
The wight closely misses you.
The wight hits you with a +3 long sword.
The wight hits you with a +2 battleaxe!
* * * LOW HITPOINT WARNING * * *
You feel drained.
* * * LOW HITPOINT WARNING * * *
The wight hits you with a +5 war axe!
You feel threatened and lose the ability to read scrolls!
You die...
Your body crumbles into a pile of gold.

##+### . #..... .$ #....
... # #...# .... $ ..
#.##...## ..... ..#....
..#.....zz#......
..#.... .#.....Yz$....).
.^..._...^..###z##......
#.......#.##...# .##..
#..... #..#...# # ....
#..#...#
..####^####..'...#
.............#...#
##.##...#+####...#
######'##...##...#


You could see 4 wights.

Vanquished Creatures
  Grinder (D:3)
  Sigmund (D:2)
  Eustachio (D:5)
  An ice beast (D:5)
  2 phantoms
  A bullfrog (D:3)
  2 scorpions
  A necrophage (D:4)
  A wight (D:6)
  A howler monkey (D:6)
  2 jellies (D:4)
  3 hounds
  An orc priest (D:2)
  Crazy Yiuf (D:2)
  An iron imp (D:3)
  Jessica (D:2)
  4 iguanas
  An orc wizard (D:2)
  Robin (D:3)
  3 adders
  A shadow imp (D:5)
  3 dart slugs
  11 orcs
  14 endoplasms
  5 giant cockroaches
  16 goblins
  9 hobgoblins
  2 jackals (D:1)
  4 ball pythons
  5 bats
  A frilled lizard (D:2)
  5 kobolds
  3 rats
109 creatures vanquished.

Notes
Turn   | Place    | Note
-------+----------+-------------------------------------------
     0 | D:1      | wormed the Octopode Transmuter began the quest for the Orb.
     0 | D:1      | Reached XP level 1. HP: 13/13 MP: 3/3
    78 | D:1      | Reached XP level 2. HP: 13/18 MP: 3/5
  1005 | D:1      | Learned a level 2 spell: Wereblood
  1277 | D:2      | Reached skill level 1 in Ice Magic
  1346 | D:2      | Found an iron altar of Okawaru.
  1397 | D:2      | Noticed Sigmund
  1459 | D:2      | Killed Sigmund
  1460 | D:2      | Reached skill level 4 in Transmutations
  1460 | D:2      | Reached XP level 3. HP: 17/23 MP: 5/7
  1460 | D:2      | Reached XP level 4. HP: 21/28 MP: 5/8
  1460 | D:2      | Reached XP level 5. HP: 24/33 MP: 5/9
  1569 | D:2      | Noticed Jessica
  1577 | D:2      | Killed Jessica
  1873 | D:2      | Found a runed translucent door.
  1874 | D:2      | Noticed Crazy Yiuf
  2288 | D:2      | Reached XP level 6. HP: 38/38 MP: 8/10
  2345 | D:2      | Learned a level 4 spell: Ice Form
  2532 | D:2      | Killed Crazy Yiuf
  2709 | D:3      | Noticed Grinder
  2709 | D:3      | Noticed Robin
  2934 | D:3      | Found a sacrificial altar of Ru.
  3231 | D:3      | Found a snail-covered altar of Cheibriados.
  3239 | D:3      | Reached skill level 5 in Transmutations
  3680 | D:3      | Paralysed by Grinder for 5 turns
  3686 | D:3      | Killed Grinder
  3687 | D:3      | Reached XP level 7. HP: 36/43 MP: 8/12
  3898 | D:3      | Killed Robin
  4290 | D:4      | Reached XP level 8. HP: 50/50 MP: 7/14
  4444 | D:4      | Reached skill level 6 in Transmutations
  4744 | D:4      | Found an opulent altar of Gozag.
  4875 | D:4      | Became a worshipper of Gozag Ym Sagoz the Greedy
  5190 | D:4      | Found an ornate altar of the Wu Jian Council.
  5342 | D:5      | Entered Level 5 of the Dungeon
  5532 | D:5      | Gained mutation: You occasionally lose the ability to read
                  | scrolls when taking damage. [mutagenic glow]
  5725 | D:5      | Found Aggymepn's Lightly-Used Armoury.
  5817 | D:5      | Identified a scroll of acquirement
  5817 | D:5      | Acquired 1266 gold pieces
  6122 | D:5      | Noticed Eustachio
  6145 | D:5      | Killed Eustachio
  6607 | D:6      | Found a shadowy altar of Dithmenos.
  6637 | D:6      | Reached skill level 7 in Transmutations
  6640 | D:6      | HP: 2/54 [wight/+2 battleaxe (3)]
  6640 | D:6      | Mangled by a wight

Illustrated notes

Levels and vault maps discovered:
D:1:      dpeg_arrival_pond, layout_loops_ring, serial_rivers,
          chequers_serial_rivers_micro_d, chequers_serial_rivers_large_b,
          chequers_serial_rivers_large_a, chequers_serial_rivers_small_a,
          kennysheep_pointless_box
D:2:      layout_basic, basic_altar, minmay_pentomino_w2,
          uniq_crazy_yiuf_cottage, uniq_sigmund, uniq_jessica
D:3:      layout_basic, slow_altar_1, nicolae_ru_sacrificial_ziggurat,
          uniq_grinder, uniq_robin
D:4:      layout_basic, marbit_many_paths, grunt_gozag_breadcrumbs,
          chequers_serial_rivers_micro_b
D:5:      layout_loops_ring, minmay_shop_damaged, uniq_eustachio
D:6:      layout_gridville, lemuel_tele_altar, ebering_ghost_disaster_area

Skill      XL: |  1  2  3  4  5  6  7  8 |
---------------+-------------------------+-----
Ice Magic      | 2 3 4 |  4.0
Spellcasting   | 3 4 |  4.6
Transmutations | 4 5 7 |  7.0
Fighting       | 2 3 |  3.3
Dodging        | 3 |  3.8
Unarmed Combat | 4 |  4.4

Action                   |  1- 3 |  4- 6 |  7- 9 || total
-------------------------+-------+-------+-------++-------
Melee: Unarmed           |    49 |    94 |   141 ||   284
       Kick              |    11 |     8 |     4 ||    23
       Constrict         |    10 |    10 |     4 ||    24
       Tentacles         |    10 |     5 |     5 ||    20
       Punch             |     1 |     1 |     2 ||     4
 Cast: Beastly Appendage |    13 |    10 |     4 ||    27
       Wereblood         |     4 |    17 |    16 ||    37
       Ice Form          |       |    13 |    22 ||    35
Invok: Call Merchant     |       |       |     1 ||     1
  Use: Scroll            |     3 |     5 |     7 ||    15
       Potion            |     2 |     1 |     3 ||     6
 Stab: Sleeping          |     3 |       |       ||     3
       Invisible         |       |     1 |       ||     1
Armor: Skin              |    21 |    12 |    77 ||   110
Dodge: Dodged            |    26 |    48 |    81 ||   155

Table legend: (Time is in decaauts)
 A = Elapsed time spent in this place.
 B = Non-inter-level travel time spent in this place.
 C = Inter-level travel time spent in this place.
 D = Time resting spent in this place.
 E = Time spent auto-exploring this place.
 F = Levels seen in this place.
 G = Mean time per level.
                   A        B        C        D        E       F      G
               +--------+--------+--------+--------+--------+-----+--------+
         Total |   6632 |   6347 |    285 |    101 |   5324 |   6 | 1105.3 |
       Dungeon |   6632 |   6347 |    285 |    101 |   5324 |   6 | 1105.3 |
               +--------+--------+--------+--------+--------+-----+--------+

Top non-repeatable levels by time:
     D:2: 1645 daAuts
     D:3: 1287 daAuts
     D:5: 1268 daAuts
     D:4: 1263 daAuts
     D:1: 1132 daAuts
     D:6: 35 daAuts
